 Dungeon Crawl Stone Soup version 0.29-a0-512-gf59ac788ac (webtiles) character file.

Game seed: 9381200742618394177

531 avis the Skirmisher (level 7, -4/78 HPs)
             Began as an Ogre Transmuter on May 30, 2022.
             Shot with an arrow by a centaur (13 damage)
             ... on level 5 of the Dungeon.
             The game lasted 00:25:32 (6329 turns).

avis the Skirmisher (Ogre Transmuter)               Turns: 6329, Time: 00:25:33

Health: -4/78      AC:  2    Str: 15    XL:     7   Next: 24%
Magic:  10/11      EV: 19    Int: 14    God:
Gold:   182        SH:  0    Dex: 16    Spells: 2/12 levels left

rFire   . . .      SeeInvis .     - Unarmed
rCold   + . .      Faith    .   (shield currently unavailable)
rNeg    . . .      Spirit   .   (body armour currently unavailable)
rPois   x          Reflect  .   (helmet currently unavailable)
rElec   .          Harm     .   (cloak currently unavailable)
rCorr   .          Rampage  .   (gloves unavailable)
Will    .....                   (boots unavailable)
Stlth   +.........              (no amulet)
HPRegen 0.23/turn               A - ring of wizardry
MPRegen 0.12/turn               H - ring of protection from cold

@: spider-form (expiring)
A: venomous fangs, tiny, unfitting armour, (tough skin 1)
a: End Transformation


You were on level 5 of the Dungeon.
You were a venomous arachnid creature.
You visited 1 branch of the dungeon, and saw 5 of its levels.

You collected 182 gold pieces.

Inventory:

Hand Weapons
 r - a +1 dagger of holy wrath
 t - a +2 quarterstaff of chaos
 x - a +2 hand axe of electrocution
 y - a +0 dagger of venom
 z - a +0 hunting sling
 E - a +0 hunting sling
 G - a +2 vorpal war axe
 I - the +7 spear "Kaabrius" {venom, rC+}
   (You found it on level 4 of the Dungeon)

   It poisons the flesh of those it strikes.
   rC:        It protects you from cold.
 M - a +0 spear of venom
Missiles
 c - 182 stones
 l - 4 large rocks
 w - 3 boomerangs
Armour
 a - a +0 robe (melded)
 u - a +1 cloak (melded)
Jewellery
 i - an amulet of faith
 A - a ring of wizardry (left front leg)
 C - an amulet of guardian spirit
 H - a ring of protection from cold (right front leg)
Wands
 L - a wand of acid (4)
Scrolls
 e - 4 scrolls of identify {unknown}
 g - 2 scrolls of amnesia {unknown}
 h - 3 scrolls of teleportation {unknown}
 j - a scroll of blinking {unknown}
 k - a scroll of immolation {unknown}
 n - a scroll of brand weapon {unknown}
 p - 2 scrolls of fog {unknown}
 s - a scroll of noise {unknown}
 v - a scroll of torment {unknown}
 B - a scroll of vulnerability {unknown}
 D - a scroll of enchant armour {unknown}
 J - a scroll of enchant weapon {unknown}
 K - a scroll of summoning {unknown}
Potions
 d - a potion of heal wounds {unknown}
 f - 2 potions of might {unknown}
 m - a potion of ambrosia {unknown}
 o - a potion of resistance {unknown}
 q - 3 potions of brilliance {unknown}
 F - a potion of curing {unknown}


   Skills:
 - Level 7.0 Fighting
 - Level 1.7 Dodging
 - Level 4.0 Unarmed Combat
 - Level 3.0 Spellcasting
 - Level 3.0 Transmutations
 * Level 0.4 Ice Magic
 - Level 2.0 Poison Magic


You had 2 spell levels left.
You knew the following spells:

 Your Spells              Type           Power      Damage    Failure   Level
a - Beastly Appendage     Tmut           20%        N/A       7%          1
e - Wereblood             Tmut           10%        N/A       10%         2
p - Spider Form           Tmut/Pois      9%         N/A       19%         3
q - Ice Form              Ice/Tmut       6%         N/A       54%         4

Your spell library contained the following spells:

 Spells                   Type           Power      Damage    Failure   Level
 Summon Forest            Summ/Tloc      1%         N/A       96%         5
 Summon Mana Viper        Hex/Summ       2%         N/A       96%         5
 Summon Cactus Giant      Summ           1%         N/A       100%        6


Dungeon Overview and Level Annotations

Branches:
Dungeon (5/15)
 Temple: D:4-7

Altars:
Cheibriados
Dithmenos
Hepliaklqana
Xom
Zin


Innate Abilities, Weirdness & Mutations

You are a venomous arachnid creature.
You have poisonous fangs.
You are tiny and dextrous.
Your spellcasting is less reliable in this form.
Your armour is entirely melded.
You are incapable of wielding weapons or throwing items.
You are too large for most types of armour.
((You have tough skin. (AC +1)))


Message History

The gnoll is moderately wounded.
The gnoll barely misses you.
You hit the gnoll.
The gnoll is poisoned.
The gnoll is almost dead.
A gnoll comes into view. It is wielding a +0 spear.
You barely miss the gnoll.
The gnoll is almost dead.
You kill the gnoll!
A gnoll shaman comes into view. It is wielding a +0 whip.
The gnoll closely misses you.
A centaur comes into view.
Your transformation is almost over.
The centaur wields a +0 shortbow.
The centaur shoots an arrow.
The arrow misses you. The gnoll barely misses you.
The gnoll completely misses you.
The centaur shoots an arrow.
The arrow hits you!
You hit the gnoll but do no damage.
The gnoll is poisoned.
The centaur shoots an arrow.
The arrow hits you! The gnoll completely misses you.
The gnoll closely misses you.
You hit the gnoll but do no damage.
The centaur shoots an arrow.
The arrow hits you!
The gnoll hits you from afar with a +0 spear.
The gnoll closely misses you.
You hear an angry growl.
The gnoll shaman hits you with a +0 whip.
The gnoll hits you from afar with a +0 spear.
A black bear comes into view.
The gnoll shaman calls down the wrath of its god upon you.
You easily resist.
The gnoll shaman attacks as you move away!
The gnoll shaman closely misses you.
The centaur shoots an arrow.
The arrow hits you!
* * * LOW HITPOINT WARNING * * *
The centaur shoots an arrow.
The arrow closely misses you.
A gnoll comes into view. It is wielding a +0 scythe.
The gnoll shaman attacks as you move away!
The gnoll shaman hits you with a +0 whip.
* * * LOW HITPOINT WARNING * * *
The centaur shoots an arrow.
The arrow hits you!
You die...

...##..
........###
.........#.#
##c.h.....$. ##
#.......... ..#
.....#....###..#
...c#........##
........รท.s...#
###..gg.....#
#g.......##
#..##...#.#
#..#)######
#.... ....g
....### ....


You could see a black bear, a centaur, a gnoll shaman and 2 gnolls.

Vanquished Creatures
  A water moccasin (D:5)
  An orc priest (D:3)
  Crazy Yiuf (D:2)
  A hound (D:2)
  An iguana (D:4)
  Natasha (thrice) (D:2)
  An orc wizard (D:2)
  Robin (D:4)
  A gnoll (D:5)
  6 adders
  3 worms
  11 orcs
  7 endoplasms
  6 giant cockroaches
  20 goblins
  11 hobgoblins
  7 jackals
  4 quokkas
  4 ball pythons
  9 bats
  6 frilled lizards
  8 kobolds
  8 rats
121 creatures vanquished.

Notes
Turn   | Place    | Note
-------+----------+-------------------------------------------
     0 | D:1      | avis the Ogre Transmuter began the quest for the Orb.
     0 | D:1      | Reached XP level 1. HP: 19/19 MP: 3/3
    72 | D:1      | Reached skill level 2 in Fighting
    81 | D:1      | Reached XP level 2. HP: 28/29 MP: 5/5
   203 | D:1      | Reached skill level 3 in Fighting
   565 | D:1      | Found a faded altar of an unknown god.
   740 | D:1      | Reached XP level 3. HP: 17/39 MP: 4/6
   800 | D:1      | Reached skill level 4 in Fighting
  1275 | D:2      | Noticed Natasha
  1282 | D:1      | Learned a level 3 spell: Spider Form
  1288 | D:2      | Killed Natasha
  1350 | D:2      | Reached skill level 5 in Fighting
  1350 | D:2      | Reached XP level 4. HP: 50/50 MP: 4/7
  1674 | D:2      | Reached skill level 1 in Poison Magic
  1702 | D:2      | Noticed Natasha
  1708 | D:2      | Killed Natasha
  1709 | D:2      | Reached XP level 5. HP: 24/57 MP: 3/8
  2528 | D:2      | Found the +1 Delatra's gloves {ID++}
  2630 | D:2      | Noticed Natasha
  2637 | D:2      | Killed Natasha
  2799 | D:2      | Reached XP level 6. HP: 62/66 MP: 8/10
  2804 | D:2      | Learned a level 4 spell: Ice Form
  2877 | D:2      | Found a runed translucent door.
  2879 | D:2      | Noticed Crazy Yiuf
  2888 | D:2      | Killed Crazy Yiuf
  3140 | D:2      | Learned a level 2 spell: Wereblood
  3442 | D:3      | Reached skill level 6 in Fighting
  4373 | D:3      | Found a snail-covered altar of Cheibriados.
  4400 | D:3      | Found a shimmering altar of Xom.
  4596 | D:4      | Found a glowing silver altar of Zin.
  4602 | D:4      | Found a hazy altar of Hepliaklqana.
  4602 | D:4      | Found a shadowy altar of Dithmenos.
  4845 | D:4      | Noticed Robin
  4941 | D:4      | Killed Robin
  5144 | D:4      | Reached skill level 7 in Fighting
  5298 | D:4      | Identified the +7 spear "Kaabrius" {venom, rC+}
  6071 | D:5      | Entered Level 5 of the Dungeon
  6073 | D:5      | Noticed a water moccasin
  6084 | D:5      | Killed a water moccasin
  6085 | D:5      | Reached XP level 7. HP: 45/78 MP: 8/11
  6329 | D:5      | Shot with an arrow by a centaur

Illustrated notes

Levels and vault maps discovered:
D:1:      dpeg_arrival_rooms_a, layout_loops_ring,
          hellmonk_ecumenical_altar_zigzags, minmay_nonomino_d4
D:2:      layout_basic, pf_guarded_unrand_delatra, uniq_natasha,
          uniq_crazy_yiuf_cottage
D:3:      layout_loops_ring, mainiacjoe_overflow_big_doors,
          chequers_serial_rivers_micro_a
D:4:      layout_layer_cave, minitemple, eino_curves_03, nrook_mini_backslash,
          hangedman_abyss_or_decor_stagger, corexii_mini_fake_secret_closet,
          uniq_robin
D:5:      layout_cave_pools, serial_undead, serial_undead_c, serial_undead_c,
          serial_undead_c, serial_undead_a, serial_bayou_crossing

Skill      XL: |  1  2  3  4  5  6 |
---------------+-------------------+-----
Fighting       | 2 3 5 7 |  7.0
Unarmed Combat | 3 4 |  4.0
Transmutations | 2 3 |  3.0
Poison Magic   | 1 2 |  2.0
Spellcasting   | 3 |  3.0
Dodging        | |  1.7
Ice Magic      | |  0.4

Action                   |  1- 3 |  4- 6 |  7- 9 || total
-------------------------+-------+-------+-------++-------
Melee: Unarmed           |    85 |   240 |     5 ||   330
       Kick              |    16 |    10 |       ||    26
       Headbutt          |     8 |    11 |       ||    19
       Punch             |     1 |       |       ||     1
 Cast: Beastly Appendage |    21 |    21 |       ||    42
       Spider Form       |     1 |    37 |     1 ||    39
  Use: Potion            |       |     1 |       ||     1
 Stab: Sleeping          |       |     3 |       ||     3
Armor: Robe              |    27 |    36 |       ||    63
       Skin              |     1 |     7 |       ||     8
Dodge: Dodged            |    40 |   150 |    10 ||   200

Table legend: (Time is in decaauts)
 A = Elapsed time spent in this place.
 B = Non-inter-level travel time spent in this place.
 C = Inter-level travel time spent in this place.
 D = Time resting spent in this place.
 E = Time spent auto-exploring this place.
 F = Levels seen in this place.
 G = Mean time per level.
                   A        B        C        D        E       F      G
               +--------+--------+--------+--------+--------+-----+--------+
         Total |   6317 |   5944 |    373 |   1321 |   3177 |   5 | 1263.4 |
       Dungeon |   6317 |   5944 |    373 |   1321 |   3177 |   5 | 1263.4 |
               +--------+--------+--------+--------+--------+-----+--------+

Top non-repeatable levels by time:
     D:2: 1897 daAuts
     D:1: 1438 daAuts
     D:4: 1411 daAuts
     D:3: 1312 daAuts
     D:5: 257 daAuts
